 Dungeon Crawl Stone Soup version 0.20-a0-1127-g1289703 (webtiles) character file.

33 ArtsTyrian the Skirmisher (level 3, 0/20 HPs)
             Began as a Vine Stalker Fighter on May 18, 2017.
             Succumbed to a kobold's poison
             ... on level 1 of the Dungeon.
             The game lasted 00:03:23 (763 turns).

ArtsTyrian the Skirmisher (Vine Stalker Fighter)     Turns: 763, Time: 00:03:24

Health: 0/20       AC:  6    Str: 18    XL:     3   Next: 29%
Magic:  4/4        EV:  7    Int:  8    God:
Gold:   47         SH:  9    Dex: 14    Spells: 2/2 levels left

rFire    . . .     SeeInvis .   a - +0 long sword
rCold    . . .     Gourm    .   c - +0 shield
rNeg     . . .     Faith    .   b - +0 scale mail
rPois    .         Spirit   +   (no helmet)
rElec    .         Reflect  .   (no cloak)
rCorr    .         Harm     .   (no gloves)
MR       .....                  (no boots)
Stlth    ..........             e - amulet of inaccuracy (curse)
Regen    0.1/turn               (no ring)
MPRegen  0.1/turn               (no ring)

@: lethally poisoned (0 -> -6)
A: fangs 2, magic shield, antimagic bite, no potion heal 3, rot immunity
a: no special abilities


You were on level 1 of the Dungeon.
You were not hungry.

You visited 1 branch of the dungeon, and saw 1 of its levels.

You collected 47 gold pieces.

Inventory:

Hand Weapons
 a - a +0 long sword (weapon)
 n - a +1 dagger of venom
Armour
 b - a +0 scale mail (worn)
 c - a +0 shield (worn)
Jewellery
 e - a cursed amulet of inaccuracy (around neck)
Scrolls
 i - a scroll of identify
 k - a scroll of remove curse {unknown}
 m - a scroll of recharging {unknown}
Potions
 d - a potion of might
 j - a potion of mutation {unknown}
 l - a potion of curing {unknown}
Comestibles
 f - 2 bread rations
 g - a meat ration
 h - 5 fruits


   Skills:
 + Level 3.1 Fighting
 + Level 2.2 Long Blades
 + Level 2.5 Armour
 + Level 0.4 Dodging
 + Level 3.0 Shields


You had 2 spell levels left.
You didn't know any spells.

Dungeon Overview and Level Annotations

Branches:
Dungeon (1/15)

Altars:
Nemelex Xobeh


Innate Abilities, Weirdness & Mutations

You have extremely sharp teeth.
When hurt, damage is shared between your health and your magic reserves.
Your bite disrupts and absorbs the magic of your enemies.
Potions cannot restore your health.
You are immune to rotting.


Message History

There is a lethal amount of poison in your body!
You feel sick.
You feel sick.
You feel sick.
* * * LOW HITPOINT WARNING * * *
You feel sick.
* * * LOW HITPOINT WARNING * * *
You feel sick.
* * * LOW HITPOINT WARNING * * *
You feel sick.
* * * LOW HITPOINT WARNING * * *
You feel sick.
* * * LOW HITPOINT WARNING * * *
You feel sick.
* * * LOW HITPOINT WARNING * * *
You feel sick.
There is a lethal amount of poison in your body!
* * * LOW HITPOINT WARNING * * *
You feel sick.
You die...

#.#.........# #.# ##..# #
#.#.###.....# #.# #..# # #.#.#
#....######.#####..# # #.#.#
#.#.............#..# # #.#.#
#.######.#..###.#..# # #.#.# #.#
##)#..###.#..# #
#.#.###.#####.....##..#..# #
####.................##.##..### #
........##.#####@........"....###
######..##.# #...................
###..##.###.####..##†#.###.###
#....#.#[##.# #..##.#.# #.# #
############# #####.#.# #.# #
#######################...###.###
..#..#.....<..#.....#.#......#...
........#.....#..#..#.#..####.###
..#..#..#.....#..#..#...## #.# #


There were no monsters in sight!

Vanquished Creatures
  A dart slug (D:1)
  A leopard gecko (D:1)
  2 giant cockroaches (D:1)
  4 goblins (D:1)
  7 hobgoblins (D:1)
  5 kobolds (D:1)
  A bat (D:1)
  2 frilled lizards (D:1)
  4 rats (D:1)
27 creatures vanquished.

Notes
Turn   | Place    | Note
-------+----------+-------------------------------------------
     0 | D:1      | ArtsTyrian the Vine Stalker Fighter began the quest for the Orb.
     0 | D:1      | Reached XP level 1. HP: 11/11 MP: 2/2
    76 | D:1      | Reached XP level 2. HP: 13/16 MP: 3/3
    82 | D:1      | Found a sparkling altar of Nemelex Xobeh.
   512 | D:1      | Reached XP level 3. HP: 16/20 MP: 4/4
   757 | D:1      | HP: 1/20 [poisoned by a kobold]
   763 | D:1      | Succumbed to a kobold's poison

Vault maps used:
D:1:      dpeg_arrival_ternary, nemelex_xobeh_ov_fountains_minmay

Skill      XL: |  1  2 |
---------------+-------+-----
Fighting       | 3 |  3.1
Long Blades    | 2 |  2.2
Shields        | 3 |  3.0
Armour         | |  2.5
Dodging        | |  0.4

Action                   || total
-------------------------++-------
Melee: Long sword        ||   134
       Bite              ||    33
  Use: Scroll            ||     1
Armor: Scale mail        ||    59
Dodge: Dodged            ||    38
Block: Shield            ||    64
       Rpst.: Long sword ||    14
